 Dungeon Crawl Stone Soup version 0.30-a0-23-ge60ba3568b (webtiles) character file.

Game seed: 8915483322588730975

2130 siradein the Ruffian (level 9, -5/91 HPs)
             Began as a Troll Chaos Knight on Aug 25, 2022.
             Was a Plaything of Xom.
             Slain by a vault guard
             ... wielding a +0 broad axe
              (9 damage)
             ... in a bailey.
             The game lasted 00:10:40 (4918 turns).

siradein the Ruffian (Troll Chaos Knight)           Turns: 4918, Time: 00:10:41

Health: -5/91      AC:  7    Str: 22    XL:     9   Next: 8%
Magic:  0/8        EV: 10    Int:  8    God:    Xom [.*....]
Gold:   377        SH:  0    Dex: 19    Spells: 8/8 levels left

rFire   . . .      SeeInvis .      - Unarmed
rCold   . . .      Faith    .    (no shield)
rNeg    + . .      Spirit   +    a - +2 robe
rPois   .          Reflect  .    (helmet restricted)
rElec   .          Harm     .    v - +0 cloak
rCorr   .          Rampage  .    (gloves unavailable)
Will    .....                    (boots unavailable)
Stlth   ++........               A - amulet of guardian spirit
HPRegen 1.05/turn                h - +6 ring of dexterity
MPRegen 0.11/turn                E - ring of positive energy

@: no status effects
A: large, unfitting armour, claws 3, regeneration 1, shaggy fur 1, tough skin 1,
wild magic 1
a: Renounce Religion


You were in a bailey.
You worshipped Xom.
You were a plaything of Xom.
You visited 1 branch of the dungeon, and saw 7 of its levels.
You also visited: Bailey.

You collected 377 gold pieces.

Inventory:

Missiles
 d - 10 large rocks
 e - 12 boomerangs
 g - 58 stones (quivered)
 i - 6 curare-tipped darts
Armour
 a - a +2 robe (worn)
 v - a +0 cloak (worn)
Jewellery
 h - a +6 ring of dexterity (left claw)
 m - a ring of fire
 A - an amulet of guardian spirit (around neck)
 E - a ring of positive energy (right claw)
Wands
 u - a wand of flame (10)
Scrolls
 f - 5 scrolls of teleportation {unknown}
 k - a scroll of magic mapping {unknown}
 n - 2 scrolls of immolation {unknown}
 o - a scroll of noise {unknown}
 p - 2 scrolls of fear {unknown}
 w - a scroll of brand weapon {unknown}
 y - 2 scrolls of blinking {unknown}
 B - a scroll of enchant armour {unknown}
 C - a scroll of acquirement {unknown}
 D - 2 scrolls of butterflies {unknown}
 F - a scroll of enchant weapon {unknown}
 G - 2 scrolls of amnesia {unknown}
Potions
 c - a potion of invisibility {unknown}
 j - 2 potions of berserk rage
 l - 4 potions of curing
 q - a potion of ambrosia
 s - a potion of flight
 t - 2 potions of heal wounds {unknown}
 x - a potion of mutation
 z - a potion of resistance
 H - 2 potions of magic {unknown}
 I - a potion of attraction {unknown}


   Skills:
 + Level 6.3 Fighting
 + Level 6.1 Throwing
 - Level 1.9 Dodging
 + Level 7.6 Unarmed Combat


You had 8 spell levels left.
You didn't know any spells.
Your spell library contained the following spells:

 Spells                   Type           Power      Damage    Failure   Level
 Sandblast                Erth           0%         2d4       50%         1
 Passwall                 Tmut/Erth      0%         N/A       63%         2
 Sublimation of Blood     Necr           0%         N/A       63%         2
 Wereblood                Tmut           0%         N/A       63%         2
 Dazzling Flash           Conj/Hex       0%         N/A       85%         3
 Ozocubu's Armour         Ice            0%         N/A       85%         3
 Stone Arrow              Conj/Erth      0%         3d7       85%         3
 Summon Guardian Golem    Hex/Summ       0%         N/A       85%         3
 Iskenderun's Mystic Bla  Conj/Tloc      0%         2d3       99%         4
 Metabolic Englaciation   Hex/Ice        0%         N/A       100%        5
 Simulacrum               Ice/Necr       0%         N/A       100%        6
 Starburst                Conj/Fire      0%         6d3       100%        6
 Orb of Destruction       Conj           0%         9d5       100%        7
 Spellforged Servitor     Conj/Summ      0%         N/A       100%        7
 Summon Hydra             Summ           0%         N/A       100%        7


Dungeon Overview and Level Annotations

Branches:
Dungeon (7/15)             Bailey (1/1)
 Temple: D:4-7

Altars:
Ashenzari
Vehumet

Annotations:
Bailey Prince Ribbit


Innate Abilities, Weirdness & Mutations

You are too large for most types of armour.
You have claws for hands.
Your natural rate of healing is unusually fast.
You are covered in fur. (AC +1)
You have tough skin. (AC +1)
Your spells are a little harder to cast, but a little more powerful.


Message History

You closely miss the human.
The human is heavily wounded.
Your ufetubus hits the goblin but does no damage.
Your ufetubus closely misses the goblin.
The goblin closely misses your ufetubus.
The goblin hits your white imp with a +0 hand axe.
The vault guard hits your white imp with a +0 broad axe!!
Your white imp dies!
Your white imp disappears in a puff of smoke!
The human hits you but does no damage.
The human hits you with a +1 vorpal hand axe.
The human barely misses your ufetubus.
The vault guard shouts!
You claw the human!
The human is almost dead.
Your ufetubus barely misses the goblin.
Your ufetubus misses the goblin.
The goblin hits your ufetubus with a +0 hand axe.
Your ufetubus dies!
Your ufetubus disappears in a puff of smoke!
The human shouts!
You claw the vault guard!
You claw the vault guard, but do no damage.
The vault guard is lightly wounded.
Prince Ribbit blinks!
The human barely misses you.
Unknown command.
You claw the vault guard!
The vault guard is heavily wounded.
The goblin closely misses you.
The vault guard hits you with a +0 broad axe!
* * * LOW HITPOINT WARNING * * *
The human hits you with a +0 vorpal hand axe!
* * * LOW HITPOINT WARNING * * *
x2 The human attacks as you move away!
The human hits you but does no damage. The goblin attacks as you move away!
The goblin hits you but does no damage. The goblin attacks as you move away!
The goblin hits you with a +0 hand axe.
* * * LOW HITPOINT WARNING * * *
The vault guard attacks as you move away!
The vault guard hits you with a +0 broad axe!
You die...
Xom guffaws!

#≈~.~≈≈~
##≈~.≈#
#≈~..≈####
#≈~..≈#..+
###g###..##
#.†)†.#...#
#.....#...#
#..####...#
#....#pg@.#
##..)..p#)#+#
##..p.##.).##
######.....#
#.∩.∩.#
#.....#
##...## #####


You could see a vault guard, 2 humans and a goblin.

Vanquished Creatures
  3 humans (Bailey)
  An ogre (D:5)
  A centaur (D:6)
  A necrophage (D:6)
  6 bullfrogs
  A kobold brigand (D:7)
  A scorpion (D:5)
  A gnoll sergeant (D:6)
  2 hounds
  A jelly (D:6)
  A gnoll bouda (D:6)
  5 orc priests
  Crazy Yiuf (D:2)
  An iguana (D:6)
  3 orc wizards
  Robin (D:2)
  3 gnolls (D:4)
  6 adders
  A shadow imp (D:5)
  3 white imps
  2 ufetubi
  4 worms
  4 dart slugs
  16 orcs
  5 ball pythons
  6 endoplasms
  3 giant cockroaches
  10 goblins
  14 hobgoblins
  4 jackals (D:2)
  10 kobolds
  5 quokkas
  2 bats
  4 frilled lizards
  5 rats
  A toadstool (D:1)
138 creatures vanquished.

Vanquished Creatures (collateral kills)
  Sigmund (D:2)
  A bullfrog (Bailey)
  An adder (D:2)
3 creatures vanquished.

Vanquished Creatures (others)
  An orc wizard (D:4)
  3 toadstools (D:1)
4 creatures vanquished.

Grand Total: 145 creatures vanquished

Notes
Turn   | Place    | Note
-------+----------+-------------------------------------------
     0 | D:1      | siradein the Troll Chaos Knight began the quest for the
                  | Orb.
     0 | D:1      | Reached XP level 1. HP: 22/22 MP: 0/0
    58 | D:1      | XOM: divination: detect creatures
    84 | D:1      | XOM: blink monster(s)
   126 | D:1      | Reached XP level 2. HP: 29/29 MP: 1/1
   356 | D:1      | Reached XP level 3. HP: 36/36 MP: 2/2
   783 | D:2      | Reached skill level 1 in Throwing
   879 | D:2      | Noticed Sigmund
   887 | D:2      | Killed Sigmund
   888 | D:2      | Reached skill level 4 in Unarmed Combat
   888 | D:2      | Reached XP level 4. HP: 48/48 MP: 3/3
   888 | D:2      | Reached XP level 5. HP: 54/54 MP: 4/4
  1015 | D:2      | XOM: god gift: staff of death
  1070 | D:2      | Found a runed translucent door.
  1071 | D:2      | Noticed Crazy Yiuf
  1416 | D:2      | XOM is BORED!
  1513 | D:2      | Noticed Robin
  1527 | D:2      | Killed Robin
  1610 | D:2      | XOM: cloud trail
  1614 | D:2      | XOM: fog
  1767 | D:2      | Killed Crazy Yiuf
  1768 | D:2      | Reached XP level 6. HP: 44/62 MP: 5/5
  1924 | D:3      | Found a radiant altar of Vehumet.
  1978 | D:3      | XOM: divination: magic mapping
  1996 | D:3      | XOM: cloud trail
  2116 | D:3      | Reached skill level 5 in Unarmed Combat
  2157 | D:3      | XOM: 3-stop teleportation journey
  2459 | D:4      | HP: 3/62 [orc priest/divine providence (12)]
  2557 | D:4      | XOM: blink monster(s)
  2573 | D:4      | XOM: give mutation
  2573 | D:4      | Gained mutation: You are frail. (-10% HP) [Xom's mischief]
  2630 | D:4      | Reached XP level 7. HP: 60/63 MP: 6/6
  2875 | D:4      | You fall into a shaft and drop 2 floors!
  2879 | D:6      | Found a broken altar of Ashenzari.
  2908 | D:6      | XOM: give mutations
  2908 | D:6      | Gained mutation: You have large cloven feet. [Xom's
                  | mischief]
  2908 | D:6      | Gained mutation: Your body sometimes deteriorates upon
                  | taking damage. [Xom's mischief]
  2916 | D:6      | XOM: chaos cloud
  2918 | D:6      | XOM: fake destruction
  2977 | D:6      | XOM: smoke on damage
  3007 | D:6      | XOM: cast spell 'Cause Fear'
  3035 | D:6      | XOM: divination: detect creatures
  3219 | D:6      | XOM: confuse monster(s)
  3242 | D:6      | XOM: 1-stop teleportation journey
  3354 | D:6      | Reached skill level 6 in Unarmed Combat
  3357 | D:6      | Reached skill level 5 in Fighting
  3639 | D:6      | Reached XP level 8. HP: 70/72 MP: 7/7
  3770 | D:5      | Entered Level 5 of the Dungeon
  3883 | D:4      | XOM: summons 2 hostile shadow creatures
  4223 | D:5      | Lost mutation: You have large cloven feet. [potion of
                  | mutation]
  4223 | D:5      | Lost mutation: You are frail. (-10% HP) [potion of
                  | mutation]
  4223 | D:5      | Gained mutation: You are clumsy. (Dex -2) [potion of
                  | mutation]
  4224 | D:5      | Lost mutation: You are clumsy. (Dex -2) [potion of
                  | mutation]
  4224 | D:5      | Lost mutation: Your body sometimes deteriorates upon taking
                  | damage. [potion of mutation]
  4224 | D:5      | Gained mutation: Your spells are a little harder to cast,
                  | but a little more powerful. [potion of mutation]
  4703 | D:7      | Reached skill level 5 in Throwing
  4760 | D:7      | Found a flagged portal.
  4764 | D:7      | XOM: divination: magic mapping
  4793 | Bailey   | Entered a bailey
  4813 | Bailey   | Reached skill level 7 in Unarmed Combat
  4879 | Bailey   | Reached XP level 9. HP: 68/89 MP: 8/8
  4886 | Bailey   | XOM: swap monsters
  4887 | Bailey   | Noticed Prince Ribbit
  4888 | Bailey   | Noticed a vault guard
  4902 | Bailey   | XOM: noise
  4905 | Bailey   | XOM: summons 4 friendly demons
  4914 | Bailey   | HP: 4/91 [human/+0 vorpal hand axe (2)]
  4918 | Bailey   | Slain by a vault guard

Illustrated notes

Levels and vault maps discovered:
D:1:      ldierk_water_garden, layout_basic, minmay_nonomino_d4
D:2:      layout_loops_corners, uniq_sigmund, uniq_robin,
          uniq_crazy_yiuf_cottage
D:3:      layout_loops_cross, mainiacjoe_overflow_concentric_impassable
D:4:      layout_basic
D:5:      layout_loops_corners, eino_tiny_chamber
D:6:      minmay_spotlight, layout_basic, pf_just_have_faith, hex_medium
D:7:      layout_loops_ring, enter_bailey_5, chequers_serial_rivers_large_b
Bailey:   bailey_axe_froggy_fort_hellmonk, bailey

Skill      XL: |  1  2  3  4  5  6  7  8 |
---------------+-------------------------+-----
Fighting       | 3 4 5 6 |  6.3
Throwing       | 2 3 4 6 |  6.1
Unarmed Combat | 4 5 6 7 |  7.6
Dodging        | |  1.9

Action                   |  1- 3 |  4- 6 |  7- 9 || total
-------------------------+-------+-------+-------++-------
Melee: Unarmed           |   100 |   119 |   212 ||   431
       Punch             |     2 |     3 |    13 ||    18
       Kick              |       |       |    36 ||    36
  Use: Scroll            |       |       |     7 ||     7
       Potion            |       |       |     2 ||     2
 Stab: Sleeping          |     2 |     3 |     3 ||     8
Armor: Robe              |    33 |    31 |    71 ||   135
Dodge: Dodged            |    34 |    53 |   134 ||   221

Table legend: (Time is in decaauts)
 A = Elapsed time spent in this place.
 B = Non-inter-level travel time spent in this place.
 C = Inter-level travel time spent in this place.
 D = Time resting spent in this place.
 E = Time spent auto-exploring this place.
 F = Levels seen in this place.
 G = Mean time per level.
                   A        B        C        D        E       F      G
               +--------+--------+--------+--------+--------+-----+--------+
         Total |   4877 |   4641 |    236 |     68 |   3578 |   8 |  609.6 |
       Dungeon |   4758 |   4522 |    236 |     68 |   3541 |   7 |  679.7 |
        Bailey |    118 |    118 |      0 |      0 |     37 |   1 |  118.0 |
               +--------+--------+--------+--------+--------+-----+--------+

Top non-repeatable levels by time:
     D:2: 1098 daAuts
     D:6: 900 daAuts
     D:1: 759 daAuts
     D:5: 737 daAuts
     D:3: 641 daAuts
     D:4: 524 daAuts
  Bailey: 118 daAuts
     D:7: 97 daAuts
